 Dungeon Crawl Stone Soup version 0.29.1-2-gbd0b4ee654 (webtiles) character file.

Game seed: 919508441061057395

357 skoleks the Slasher (level 6, 0/48 HPs)
             Began as a Human Berserker on Nov 20, 2022.
             Was a Believer of Trog.
             Slain by a scorpion (2 damage)
             ... on level 4 of the Dungeon.
             The game lasted 00:17:45 (3336 turns).

skoleks the Slasher (Human Berserker)               Turns: 3336, Time: 00:17:46

Health: 0/48       AC: 11    Str: 19    XL:     6   Next: 96%
Magic:  6/6        EV: 11    Int:  7    God:    Trog [**....]
Gold:   190        SH:  0    Dex: 13    Spells: 5/5 levels left

rFire   . . .      SeeInvis .   a - +0 falchion
rCold   . . .      Faith    .   (no shield)
rNeg    . . .      Spirit   .   i - +2 ring mail
rPois   .          Reflect  .   (no helmet)
rElec   .          Harm     .   (no cloak)
rCorr   .          Rampage  .   m - +1 pair of gloves
Will    ++...                   p - +0 pair of boots
Stlth   +.........              (no amulet)
HPRegen 1.16/turn               (no ring)
MPRegen 0.10/turn               (no ring)

@: lethally poisoned (0 -> -1), strong-willed, on berserk cooldown, regenerating
A: no striking features
a: Renounce Religion, Berserk, Trog's Hand


You were on level 4 of the Dungeon.
You worshipped Trog.
Trog was pleased with you.
You visited 1 branch of the dungeon, and saw 4 of its levels.
You also visited: Ossuary.

You collected 190 gold pieces.

Inventory:

Hand Weapons
 a - a +0 falchion (weapon)
 e - a +0 club
 j - a +0 spear
Missiles
 c - 12 poisoned darts (quivered)
Armour
 b - a +0 animal skin
 g - a +0 leather armour
 i - a +2 ring mail (worn)
 m - a +1 pair of gloves (worn)
 p - a +0 pair of boots (worn)
 r - a +0 pair of gloves
Scrolls
 f - 2 scrolls of teleportation
 h - 2 scrolls of immolation {unknown}
 k - a scroll of vulnerability {unknown}
 l - 4 scrolls of identify {unknown}
 o - a scroll of amnesia {unknown}
 q - a scroll of fear {unknown}
Potions
 d - a potion of attraction {unknown}
 n - a potion of might


   Skills:
 + Level 4.3 Fighting
 + Level 5.3 Long Blades
 + Level 3.5 Armour
 + Level 2.7 Dodging
 + Level 0.3 Stealth


You had 5 spell levels left.
You didn't know any spells.
Your spell library contained the following spells:

 Spells                   Type           Power      Damage    Failure   Level
 Necrotise                Necr           0%         1d4       61%         1
 Gell's Gravitas          Tloc           0%         N/A       93%         3
 Lesser Beckoning         Tloc           0%         N/A       93%         3
 Teleport Other           Tloc           0%         N/A       93%         3
 Vampiric Draining        Necr           0%         2d6       93%         3
 Airstrike                Air            0%         2d(0-16)  100%        4
 Summon Lightning Spire   Summ/Air       0%         N/A       100%        4
 Agony                    Necr           0%         N/A       100%        5
 Lightning Bolt           Conj/Air       0%         1d11      100%        5


Dungeon Overview and Level Annotations

Branches:
Dungeon (4/15)            Ossuary (visited)
 Temple: D:4-7

Altars:


Message History

You hit the scorpion but do no damage.
The scorpion is lightly wounded.
You feel sick. The scorpion closely misses you.
You closely miss the scorpion.
The scorpion is lightly wounded.
You feel sick.
You are no longer poisoned.
The scorpion barely misses you.
You hit the scorpion.
The scorpion is moderately wounded.
The scorpion stings you.
You are poisoned.
The scorpion poisons you!
You barely miss the scorpion.
The scorpion is moderately wounded.
You feel very sick. The scorpion misses you. The scorpion stings you.
* * * LOW HITPOINT WARNING * * *
You feel sick.
There is a gate leading back out of this place here.
You feel sick. The scorpion stings you.
* * * LOW HITPOINT WARNING * * *
You are more poisoned.
The scorpion poisons you!
Welcome back to the Dungeon!
* * * LOW HITPOINT WARNING * * *
You feel very sick.
There is a collapsed entrance here.
You hit the scorpion but do no damage.
The scorpion is lightly wounded.
* * * LOW HITPOINT WARNING * * *
You feel very sick. The scorpion stings you.
* * * LOW HITPOINT WARNING * * *
You hit the scorpion.
The scorpion is heavily wounded.
* * * LOW HITPOINT WARNING * * *
You feel very sick. The scorpion stings you.
You die...

# # # # # #######
.############## #.#.#.+
#.#.....).......
#'#'#'###.#.############
#.'...s@#.#.#.#
###...###.#.#.##########
#.'...'.#.#.#...........
###'#'###.#.#.#.........
#.'.#...'.#.#.#.#######.
#########.#.#.#.# #.
#.#.#.#.# #. #.#.#.#.#
#. #.#.#.#.# #.


You could see a scorpion.

Vanquished Creatures
  An elf skeleton (D:4)
  2 human skeletons (D:4)
  A human zombie (D:4)
  Natasha (thrice) (D:3)
  6 adders
  2 worms (D:2)
  2 dart slugs (D:2)
  10 bats
  4 endoplasms
  5 giant cockroaches
  3 goblins
  8 hobgoblins
  5 kobolds
  A quokka (D:2)
  9 ball pythons
  6 frilled lizards
  An orc skeleton (D:4)
  An orc zombie (Ossuary)
  5 rats
75 creatures vanquished.

Notes
Turn   | Place    | Note
-------+----------+-------------------------------------------
     0 | D:1      | skoleks the Human Berserker began the quest for the Orb.
     0 | D:1      | Reached XP level 1. HP: 18/18 MP: 1/1
   185 | D:1      | Reached XP level 2. HP: 17/24 MP: 2/2
   466 | D:1      | Reached XP level 3. HP: 24/29 MP: 3/3
  1169 | D:2      | Reached ** piety under Trog
  1334 | D:2      | Reached XP level 4. HP: 35/35 MP: 4/4
  1406 | D:2      | Reached skill level 4 in Long Blades
  2215 | D:3      | Reached XP level 5. HP: 39/42 MP: 5/5
  2244 | D:3      | Noticed Natasha
  2254 | D:3      | Killed Natasha
  2766 | D:3      | Noticed Natasha
  2785 | D:3      | Killed Natasha
  2835 | D:3      | Noticed Natasha
  2843 | D:3      | Killed Natasha
  2844 | D:3      | Reached XP level 6. HP: 48/48 MP: 6/6
  2962 | D:4      | Reached skill level 5 in Long Blades
  3297 | D:4      | Found a sand-covered staircase.
  3303 | Ossuary  | Entered an ossuary
  3336 | D:4      | HP: 2/48 [poisoned by a scorpion]
  3336 | D:4      | Slain by a scorpion

Illustrated notes

Levels and vault maps discovered:
D:1:      scummos_arrival_checkerplants, layout_basic, st_stairs_9,
          minmay_pentomino_r4
D:2:      layout_rooms, minmay_door_square
D:3:      layout_loops_ring, serial_bayou_pond_d, minmay_starry_boxes,
          uniq_natasha
D:4:      layout_basic, minmay_temple_entry_crystal_x,
          nicolae_ossuary_entry_catacombs

Skill      XL: |  1  2  3  4  5  6 |
---------------+-------------------+-----
Long Blades    | 4 5 |  5.3
Fighting       | 4 |  4.3
Armour         | 3 |  3.5
Dodging        | |  2.7
Stealth        | |  0.3

Action                   |  1- 3 |  4- 6 || total
-------------------------+-------+-------++-------
Melee: Falchion          |   110 |   209 ||   319
       Punch             |     1 |     2 ||     3
Invok: Berserk           |       |     3 ||     3
       Trog's Hand       |       |     2 ||     2
  Use: Scroll            |       |     5 ||     5
       Potion            |       |     4 ||     4
Armor: Animal skin       |    11 |       ||    11
       Ring mail         |    15 |   106 ||   121
Dodge: Dodged            |    89 |   112 ||   201
